 Dungeon Crawl Stone Soup version 0.23.2-1-ga50397a (webtiles) character file.

Game seed: 669610356253114579

5575 Phos the Cleaver (level 10, -3/93 HPs)
             Began as a Minotaur Berserker on May 9, 2019.
             Was an Elder of Trog.
             Slain by a blink frog (15 damage)
             ... on level 2 of the Lair of Beasts.
             The game lasted 01:55:09 (11297 turns).

Phos the Cleaver (Minotaur Berserker)              Turns: 11297, Time: 01:55:12

Health: -3/93      AC: 13    Str: 25    XL:     10   Next: 44%
Magic:  0/0        EV: 14    Int:  6    God:    Trog [****..]
Gold:   906        SH:  0    Dex: 10    Spells: 9/9 levels left

rFire    . . .     SeeInvis +   Q - +0 flail (drain)
rCold    . . .     Gourm    .   (no shield)
rNeg     . . .     Faith    +   K - +0 scale mail
rPois    .         Spirit   .   (helmet restricted)
rElec    .         Reflect  .   j - +2 cloak
rCorr    .         Harm     .   n - +0 pair of gloves "Dojoto" {MP-9 Int+2 Slay+6 SInv}
MR       .....                  (no boots)
Stlth    +.........             P - amulet of faith
HPRegen  0.25/turn              E - ring of stealth
MPRegen  0.07/turn              v - ring of flight

@: marked
A: retaliatory headbutt, horns 2
a: Berserk, Trog's Hand, Brothers in Arms, Renounce Religion, Evoke Flight


You were on level 2 of the Lair of Beasts.
You worshipped Trog.
Trog was greatly pleased with you.
You were not hungry.

You visited 3 branches of the dungeon, and saw 11 of its levels.

You collected 906 gold pieces.

Inventory:

Hand Weapons
 f - a +0 dire flail
 x - a +4 club
 z - a +0 war axe
 C - a +4 mace
 F - a +0 dagger of venom
 I - a cursed -2 quarterstaff
 Q - a +0 flail of draining (weapon)
 R - a +1 dagger of flaming
 X - a +2 mace of protection
Missiles
 e - 5 poisoned tomahawks
 o - 4 javelins (quivered)
 S - a tomahawk
Armour
 i - a +2 cloak
 j - a +2 cloak (worn)
 n - the +0 pair of gloves "Dojoto" (worn) {MP-9 Int+2 Slay+6 SInv}
   (You found it on level 8 of the Dungeon)

   It affects your intelligence (+2).
   It affects your accuracy and damage with ranged weapons and melee attacks
   (+6).
   It affects your magic capacity (-9).
   It lets you see invisible.
 K - a +0 scale mail (worn)
 V - a +2 leather armour of positive energy
 Z - a +1 leather armour of cold resistance
Jewellery
 d - an uncursed amulet of inaccuracy
 v - a ring of flight (right hand)
 B - an uncursed amulet of faith
 D - an uncursed ring of magical power
 E - a ring of stealth (left hand)
 G - an uncursed amulet of harm
 M - an uncursed amulet of magic regeneration
 P - an amulet of faith (around neck)
Wands
 b - a wand of flame (31)
 k - a wand of iceblast (5)
 w - a wand of digging (5)
Scrolls
 a - a scroll of silence {unknown}
 g - a scroll of enchant weapon {unknown}
 h - a scroll of amnesia {unknown}
 l - a scroll of random uselessness {unknown}
 m - 3 scrolls of remove curse
 r - 2 scrolls of identify
 t - 7 scrolls of teleportation
 y - a scroll of enchant armour {unknown}
 A - a scroll of summoning {unknown}
 L - 2 scrolls of magic mapping
 T - 2 scrolls of blinking {unknown}
 U - a scroll of noise {unknown}
Potions
 p - a potion of curing
 q - a potion of brilliance {unknown}
 s - a potion of cancellation {unknown}
 u - a potion of flight {unknown}
 N - a potion of lignification {unknown}
 O - 3 potions of haste
 W - 2 potions of might {unknown}
Comestibles
 c - 5 rations


   Skills:
 + Level 10.1 Fighting
 + Level 10.2 Axes
 + Level 9.5 Armour
 + Level 8.8 Dodging
 - Level 0.1 Stealth


You had 9 spell levels left.
You didn't know any spells.
Your spell library contained the following spells:

 Spells                   Type           Power        Failure   Level  Hunger
 Animate Skeleton         Necr           N/A          71%         1    ##.....
 Apportation              Tloc           #.....       71%         1    ##.....
 Confusing Touch          Hex            #.....       71%         1    ##.....
 Magic Dart               Conj           #...         71%         1    ##.....
 Summon Small Mammal      Summ           #...         71%         1    ##.....
 Blink                    Tloc           N/A          83%         2    ###....
 Call Imp                 Summ           #.......     83%         2    ###....
 Slow                     Hex            #.......     83%         2    ###....
 Conjure Flame            Conj/Fire      #.......     97%         3    ####...
 Mephitic Cloud           Conj/Pois/Air  #.......     97%         3    ####...


Dungeon Overview and Level Annotations

Branches:
Dungeon (8/15)             Temple (1/1) D:5            Lair (2/6) D:8
  Swamp: Lair:2-4    Shoals: Lair:2-4     Snake: Lair:2-4    Spider: Lair:2-4

Altars:
Ashenzari
Cheibriados
Dithmenos
Elyvilon
Fedhas
Gozag
Hepliaklqana
Kikubaaqudgha
Makhleb
Nemelex Xobeh
Okawaru
Qazlal
Ru
Sif Muna
Trog
Uskayaw
Vehumet
Wu Jian
Xom
Yredelemnul
Zin
The Shining One

Annotations:
Lair:1 exclusion: oklob plant
Lair:2 Harold


Innate Abilities, Weirdness & Mutations

You reflexively headbutt those who attack you in melee.
You have a pair of horns on your head.


Message History

* * * LOW HITPOINT WARNING * * *
The blink frog barely misses you. Harold hits you but does no damage.
The water moccasin barely misses you.
You sock Harold!
Harold is lightly wounded.
The blink frog blinks!
The blink frog barely misses you. The water moccasin misses you.
You furiously retaliate!
You headbutt the water moccasin. Harold hits you with a +0 hand axe.
* * * LOW HITPOINT WARNING * * *
You hit Harold but do no damage. You drain Harold. Your headbutt misses Harold.
Harold is lightly wounded.
The blink frog blinks! x2; The water moccasin misses you.
Harold misses you. The water moccasin closely misses you.
You sock Harold! You drain Harold. You headbutt Harold.
Harold is heavily wounded.
A spiny frog comes into view.
The water moccasin barely misses you. The crocodile bites you!
* * * LOW HITPOINT WARNING * * *
The blink frog hits you!
You die...

.......#.
.........
./......##
........#
..F...#
#r...##
##.?F.P##
..#...t@..#
#.....†@.#.#
##....SF..#
#...Y.....#
#..$......##
#......!..(#
#........#.#
......?....#
F..[$...P##


You could see Harold, a yak, a spiny frog, 3 blink frogs, a water moccasin, a
crocodile and a porcupine.

Vanquished Creatures
  A two-headed ogre (D:6)
  2 hippogriffs (Lair:1)
  5 blink frogs
  A wyvern (D:8)
  Eustachio (D:6)
  2 hungry ghosts (D:8)
  2 water moccasins
  4 sky beasts
  3 orc warriors
  2 black bears
  2 ogres
  3 centaurs (D:8)
  3 bullfrogs
  3 scorpions
  2 howler monkeys (D:4)
  An electric eel (Lair:1)
  2 bullfrog zombies (D:7)
  2 crimson imps
  6 orc priests
  A hound (D:8)
  2 jellies (D:8)
  2 centaur skeletons
  10 orc wizards
  Jessica (D:3)
  An iguana (D:5)
  6 worker ants
  A hound skeleton (D:5)
  Robin (D:2)
  A gnoll (D:1)
  12 adders
  A howler monkey skeleton (D:4)
  2 oozes
  An adder skeleton (D:4)
  2 worms
  2 dart slugs
  4 leopard geckos
  40 orcs
  5 ball pythons
  13 giant cockroaches
  16 goblins
  9 hobgoblins
  7 jackals
  3 quokkas
  7 bats
  3 frilled lizards
  6 kobolds
  8 rats
  A bush (D:1)
  A fungus (Lair:1)
  A plant (Lair:1)
217 creatures vanquished.

Vanquished Creatures (others)
  2 fungi (Lair:2)
2 creatures vanquished.

Grand Total: 219 creatures vanquished

Notes
Turn   | Place    | Note
-------+----------+-------------------------------------------
     0 | D:1      | Phos the Minotaur Berserker began the quest for the Orb.
     0 | D:1      | Reached XP level 1. HP: 19/19 MP: 0/0
   181 | D:1      | Reached XP level 2. HP: 26/27 MP: 1/1
   847 | D:1      | Reached XP level 3. HP: 33/33 MP: 2/2
   898 | D:1      | Reached ** piety under Trog
  1613 | D:2      | Noticed Robin
  1639 | D:2      | Killed Robin
  1639 | D:2      | Reached XP level 4. HP: 17/41 MP: 3/3
  2329 | D:3      | Found a radiant altar of Vehumet.
  2424 | D:3      | Noticed Jessica
  2429 | D:3      | Killed Jessica
  2625 | D:3      | Reached XP level 5. HP: 47/47 MP: 4/4
  2627 | D:3      | Reached skill level 5 in Axes
  2702 | D:3      | Reached *** piety under Trog
  2719 | D:3      | Reached skill level 5 in Fighting
  3792 | D:4      | Noticed an ogre
  3799 | D:4      | Killed an ogre
  3799 | D:4      | Reached XP level 6. HP: 56/56 MP: 5/5
  4870 | D:4      | Reached **** piety under Trog
  5243 | D:5      | Entered Level 5 of the Dungeon
  5265 | D:5      | Found a deep blue altar of Sif Muna.
  5289 | D:5      | Reached XP level 7. HP: 59/62 MP: 6/6
  5874 | D:5      | Reached skill level 5 in Armour
  6045 | D:5      | Found a staircase to the Ecumenical Temple.
  6143 | D:5      | Found a sacrificial altar of Ru.
  6382 | D:5      | Reached skill level 5 in Dodging
  6619 | Temple   | Entered the Ecumenical Temple
  6695 | D:6      | Found a sand-covered staircase.
  6806 | D:6      | Noticed Eustachio
  6839 | D:6      | Killed Eustachio
  6839 | D:6      | Reached XP level 8. HP: 54/71 MP: 7/7
  7323 | D:6      | Noticed a two-headed ogre
  7808 | D:6      | Killed a two-headed ogre
  8102 | D:7      | Reached XP level 9. HP: 57/81 MP: 8/8
  8340 | D:7      | Reached ***** piety under Trog
  8632 | D:7      | Found a shattered altar of Ashenzari.
  8750 | D:7      | Found an iron altar of Okawaru.
  8916 | D:8      | Got a pair of faintly glowing gloves
  8933 | D:8      | Identified the cursed +0 pair of gloves "Dojoto" {MP-9
                  | Int+2 Slay+6 SInv} (You found it on level 8 of the Dungeon)
  9490 | D:8      | Found a staircase to the Lair.
  9665 | D:8      | Reached XP level 10. HP: 80/91 MP: 0/9
 10020 | Lair:1   | Entered Level 1 of the Lair of Beasts
 10235 | Lair:1   | Noticed an oklob plant
 11119 | Lair:2   | Noticed Harold
 11134 | Lair:1   | Reached skill level 10 in Axes
 11283 | Lair:2   | Reached skill level 10 in Fighting
 11297 | Lair:2   | Noticed a spiny frog
 11297 | Lair:2   | Slain by a blink frog

Skill      XL: |  1  2  3  4  5  6  7  8  9 10 |
---------------+-------------------------------+-----
Axes           | 4 5 6 8 9 10 | 10.2
Fighting       | 4 5 6 8 9 10 | 10.1
Armour         | 3 4 5 7 8 9 |  9.5
Dodging        | 3 4 5 6 8 |  8.8
Stealth        | |  0.1

Action                   |  1- 3 |  4- 6 |  7- 9 | 10-12 || total
-------------------------+-------+-------+-------+-------++-------
Melee: Hand axe          |   150 |    20 |       |       ||   170
       Headbutt          |    42 |    21 |    46 |    15 ||   124
       Club              |       |    14 |       |       ||    14
       War axe           |       |    76 |       |       ||    76
       Mace              |       |    14 |       |       ||    14
       Flail             |       |    12 |   254 |    45 ||   311
Throw: Tomahawk          |       |     1 |     1 |       ||     2
       Stone             |       |       |    13 |       ||    13
       Javelin           |       |       |     3 |       ||     3
  Use: Potion            |     1 |     1 |     2 |     3 ||     7
       Scroll            |       |     1 |     5 |       ||     6
 Stab: Sleeping          |       |     2 |       |       ||     2
  Eat: Ration            |     1 |     3 |     7 |     1 ||    12
Armor: Animal skin       |    21 |       |       |       ||    21
       Ring mail         |    11 |    31 |       |       ||    42
       Scale mail        |       |    30 |   176 |    45 ||   251
Dodge: Dodged            |    49 |    95 |   239 |    72 ||   455
